 Dungeon Crawl Stone Soup version 0.24-a0-537-g2d01d4ab0a (webtiles) character file.

Game seed: 9535754839071424490

331 Ijustatesigmund the Skirmisher (level 6, -3/67 HPs)
             Began as an Ogre Fighter on Aug 16, 2019.
             Slain by an orc
             ... wielding a +0 whip of electrocution
              (12 damage)
             ... on level 4 of the Dungeon.
             The game lasted 00:06:03 (3765 turns).

Ijustatesigmund the Skirmisher (Ogre Fighter)       Turns: 3765, Time: 00:06:03

Health: -3/67      AC:  3    Str: 21    XL:     6   Next: 51%
Magic:  6/6        EV:  8    Int:  9    God:
Gold:   210        SH:  9    Dex: 10    Spells: 5/5 levels left

rFire    . . .     SeeInvis .   a - +0 flail
rCold    + . .     Gourm    .   c - +1 shield
rNeg     . . .     Faith    .   b - +0 robe
rPois    +         Spirit   .   (helmet restricted)
rElec    .         Reflect  .   h - +0 cloak {rPois}
rCorr    .         Harm     .   (gloves unavailable)
MR       .....                  (boots unavailable)
Stlth    +.........             (no amulet)
HPRegen  0.21/turn              i - ring of protection from cold
MPRegen  0.10/turn              (no ring)

@: very slightly contaminated, invisible
A: large, unfitting armour, talons 1, deformed body, tough skin 1
a: no special abilities


You were on level 4 of the Dungeon.
You were not hungry.

You visited 1 branch of the dungeon, and saw 4 of its levels.

You collected 210 gold pieces.

Inventory:

Hand Weapons
 a - a +0 flail (weapon)
Armour
 b - a +0 robe (worn)
 c - a +1 shield (worn)
 h - a +0 cloak of poison resistance (worn)
Jewellery
 i - a ring of protection from cold (left hand)
Scrolls
 g - a scroll of fog
 k - a scroll of fear
 l - 2 scrolls of identify
Potions
 d - a potion of resistance
 e - 3 potions of brilliance
Comestibles
 f - 7 rations
 m - 2 chunks of flesh


   Skills:
 + Level 6.2 Fighting
 * Level 5.1 Maces & Flails
 - Level 2.6 Dodging
 - Level 2.6 Shields


You had 5 spell levels left.
You didn't know any spells.
Your spell library was empty.

Dungeon Overview and Level Annotations

Branches:
Dungeon (4/15)
 Temple: D:4-7

Altars:
Dithmenos
Fedhas
Kikubaaqudgha
Vehumet
Zin


Innate Abilities, Weirdness & Mutations

You are too large for most types of armour.
You have tough skin. (AC +1)
You have sharp toenails.
Armour fits poorly on your strangely shaped body.


Message History

Ijyb hits you but does no damage.
You hit Ijyb but do no damage.
Ijyb is severely wounded.
You block the orc's attack. Ijyb barely misses you.
You fade into invisibility!
The orc hits you but does no damage. Ijyb hits you but does no damage.
You are very lightly contaminated with residual magic.
You thump Ijyb!
You kill Ijyb!
You feel your dexterity returning. The orc barely misses you.
The orc hits you with a +0 whip of electrocution.
You are electrocuted!
* * * LOW HITPOINT WARNING * * *
You barely miss the orc. You claw the orc.
The orc is heavily wounded.
The orc hits you with a +0 whip of electrocution.
* * * LOW HITPOINT WARNING * * *
You are electrocuted!
You die...

###..)....# #..#.#.# .
#........# #.##...###..
#.........###..........#
..........[.............
............##..........
........................
#.....###...##.#......#
....... #.#..........###
........._...$..@[......
##.#....)o)..####
#....###......# .....
#...##... #.###. .....#
#. .. .. ......#
..<#.... ..#.#...#


You could see an orc.

Vanquished Creatures
  A quasit (D:4)
  Crazy Yiuf (D:2)
  An orc priest (D:2)
  Ijyb (D:4)
  3 worker ants
  A hound skeleton (D:4)
  An adder (D:2)
  An ooze (D:2)
  6 worms
  A dart slug (D:1)
  2 leopard geckos (D:1)
  14 orcs
  6 bats
  5 giant cockroaches
  5 goblins
  3 hobgoblins
  9 jackals
  6 kobolds
  A quokka (D:3)
  4 ball pythons
  7 frilled lizards
  A quokka skeleton (D:4)
  7 rats
87 creatures vanquished.

Notes
Turn   | Place    | Note
-------+----------+-------------------------------------------
     0 | D:1      | Ijustatesigmund the Ogre Fighter began the quest for the
                  | Orb.
     0 | D:1      | Reached XP level 1. HP: 24/24 MP: 1/1
   359 | D:1      | Reached XP level 2. HP: 30/32 MP: 2/2
   832 | D:1      | Reached XP level 3. HP: 36/40 MP: 3/3
   853 | D:1      | HP: 2/40 [frilled lizard (2)]
  1563 | D:2      | Reached skill level 5 in Fighting
  1563 | D:2      | Reached XP level 4. HP: 33/50 MP: 4/4
  2198 | D:2      | Found a shadowy altar of Dithmenos.
  2281 | D:2      | Reached XP level 5. HP: 48/57 MP: 5/5
  2524 | D:2      | Found a runed translucent door.
  2525 | D:2      | Noticed Crazy Yiuf
  2585 | D:2      | Killed Crazy Yiuf
  3028 | D:3      | Found a radiant altar of Vehumet.
  3144 | D:3      | Found a glowing silver altar of Zin.
  3145 | D:3      | Noticed an angel
  3202 | D:3      | Found a blossoming altar of Fedhas.
  3503 | D:4      | Gained mutation: You are occasionally teleported next to
                  | monsters. [potion of mutation]
  3503 | D:4      | Lost mutation: You are occasionally teleported next to
                  | monsters. [potion of mutation]
  3503 | D:4      | Gained mutation: Armour fits poorly on your strangely
                  | shaped body. [potion of mutation]
  3503 | D:4      | Gained mutation: You have sharp toenails. [potion of
                  | mutation]
  3525 | D:4      | Reached XP level 6. HP: 59/67 MP: 6/6
  3543 | D:4      | Reached skill level 6 in Fighting
  3638 | D:4      | Found an ancient bone altar of Kikubaaqudgha.
  3747 | D:4      | Reached skill level 5 in Maces & Flails
  3748 | D:4      | Noticed Ijyb
  3764 | D:4      | Killed Ijyb
  3765 | D:4      | Slain by an orc

Levels and vault maps discovered:
D:1:      roderic_crossed_star, layout_basic, minmay_three_crescents
D:2:      layout_rooms, nicolae_dithmenos_through_a_glass_darkly,
          minmay_ruptured, uniq_crazy_yiuf_cottage
D:3:      layout_rooms, nicolae_overflow_crystal_walls, vehumet_crystals,
          zin_angel, kennysheep_decorative_pillar
D:4:      layout_rooms, grunt_temple_overflow_bloody_war, lemuel_crystal_altar,
          first_ration, uniq_sigmund, uniq_ijyb, uniq_grinder

Skill      XL: |  1  2  3  4  5  6 |
---------------+-------------------+-----
Maces & Flails | 2 3 4 5 |  5.1
Fighting       | 5 6 |  6.2
Dodging        | |  2.6
Shields        | |  2.6

Action                   |  1- 3 |  4- 6 || total
-------------------------+-------+-------++-------
Melee: Flail             |   132 |   179 ||   311
       Kick              |       |     9 ||     9
  Use: Scroll            |     4 |     6 ||    10
       Potion            |     3 |     2 ||     5
  Eat: Chunk             |     2 |     4 ||     6
       Ration            |       |     1 ||     1
Armor: Robe              |    60 |    53 ||   113
Dodge: Dodged            |    65 |    71 ||   136
Block: Shield            |    82 |    95 ||   177

Table legend:
 A = Non-vault XP
 B = Vault XP
 C = Vault XP percentage of total XP
 D = Non-vault monster count
 E = Vault monster count
 F = Vault count percentage of total count
                 A         B        C        D         E       F
            +---------+---------+-------+---------+---------+-------
      Total |     382 |      91 |  19.2 |      77 |      10 |  11.5
            +---------+---------+-------+---------+---------+-------
        D:1 |      43 |      11 |  20.4 |      25 |       6 |  19.4
        D:2 |     160 |      44 |  21.6 |      31 |       3 |   8.8
        D:3 |      26 |       0 |   0.0 |      10 |       0 |   0.0
        D:4 |     153 |      36 |  19.0 |      11 |       1 |   8.3
            +---------+---------+-------+---------+---------+-------
